 Dungeon Crawl Stone Soup version 0.19.0 (webtiles) character file.

720 TheGoonsmith the Slicer (level 8, -3/72 HPs)
             Began as a Kobold Berserker on Nov 13, 2016.
             Was a Priest of Trog.
             Slain by PrincessPwny's ghost (10 damage)
             ... on level 4 of the Dungeon.
             The game lasted 00:05:59 (3267 turns).

TheGoonsmith the Slicer (Kobold Berserker)          Turns: 3267, Time: 00:05:59

Health: -3/72      AC: 24    Str: 14    XL:     8   Next: 2%
Magic:  8/8        EV:  3    Int:  8    God:    Trog [***...]
Gold:   137        SH:  0    Dex: 22    Spells: 0 memorised, 7 levels left

rFire  . . .     SeeInvis .     f - +3 dagger (venom)
rCold  . . .     Gourm    .     (armour currently unavailable)
rNeg   + + +     Faith    .     (shield restricted)
rPois  +         Spirit   .     (helmet currently unavailable)
rElec  .         Reflect  .     (cloak currently unavailable)
rCorr  .         Harm     .     (gloves currently unavailable)
MR     ++...     NoTele   +     (boots currently unavailable)
Stlth  +++.......               (no amulet)
                                (no ring)
                                s - +5 ring of dexterity

@: exhausted, tree-form (expiring), regenerating
A: carnivore 3
a: Berserk, Trog's Hand, Burn Spellbooks, Renounce Religion


You were on level 4 of the Dungeon.
You worshipped Trog.
Trog was most pleased with you.
You were very full.
You were a tree.
You visited 1 branch of the dungeon, and saw 4 of its levels.

You collected 137 gold pieces.

Inventory:

Hand Weapons
 a - a +0 short sword
 f - a +3 dagger of venom (weapon)
 j - a +0 dagger of speed
Missiles
 e - 3 tomahawks (quivered)
Armour
 b - a +0 animal skin
 m - a +0 cloak (melded)
 o - a +0 ring mail (melded)
Jewellery
 g - an uncursed ring of ice
 s - a +5 ring of dexterity (left branch)
Wands
 n - a wand of iceblast (4/15)
 q - a wand of slowing (15/48)
Scrolls
 k - 2 scrolls of immolation
 t - a scroll of teleportation {unknown}
Comestibles
 c - a meat ration
 d - 2 beef jerkies
 l - 2 slices of pizza
 r - 7 chunks of flesh


   Skills:
 - Level 4.1 Fighting
 * Level 9.3 Short Blades
 - Level 1.5 Armour
 - Level 3.5 Dodging
 + Level 5.5 Stealth


You had 7 spell levels left.
You didn't know any spells.

Dungeon Overview and Level Annotations

Branches:
Dungeon (4/15)
 Temple: D:4-7

Altars:
Cheibriados
Uskayaw
The Shining One

Portals:
Ossuary: D:4

Annotations:
D:4 PrincessPwny's ghost, novice CeFi


Innate Abilities, Weirdness & Mutations

You are small and have problems with some larger weapons.
You are carnivorous and can eat meat at any time.


Message History

PrincessPwny's ghost hits you but does no damage.
You hit PrincessPwny's ghost but do no damage.
PrincessPwny's ghost is severely damaged.
PrincessPwny's ghost hits you but does no damage.
Your skin crawls.
You feel resistant to hostile enchantments.
You feel somewhat less full.
You feel yourself speed up.
PrincessPwny's ghost hits you but does no damage.
You hit PrincessPwny's ghost but do no damage.
PrincessPwny's ghost is severely damaged.
Your transformation is almost over.
PrincessPwny's ghost hits you but does no damage.
You hit PrincessPwny's ghost but do no damage.
PrincessPwny's ghost is severely damaged.
You hit PrincessPwny's ghost.
PrincessPwny's ghost is severely damaged.
You hear the hiss of an avalanche of sand nearby.
PrincessPwny's ghost hits you!
You die...

.... #. #.#########
.....#[ #.........#
.....#. #........#
....... #........#
.......####........#..
.....∩Z............>..
.......####..Z.....#..
......# ###W###### .
.....# #.♣# .#.# .####
##.#####.#.#
#......... ##..###.#
#......#+##
##.)......# #........#
#........# #........#


You could see PrincessPwny's ghost and a worm zombie.

Vanquished Creatures
  A hippogriff (D:4)
  The ghost of Oroborous the Gusty, an amateur TeAE (D:3)
  2 ogres (D:4)
  A phantom (D:4)
  A worker ant (D:4)
  6 adders
  An ooze (D:1)
  3 dart slugs
  3 leopard geckos
  5 orcs (D:3)
  5 giant cockroaches
  6 goblins
  7 hobgoblins
  7 jackals (D:3)
  6 kobolds
  A quokka (D:2)
  9 bats
  4 frilled lizards
  13 rats
82 creatures vanquished.

Notes
Turn   | Place    | Note
-------+----------+-------------------------------------------
     0 | D:1      | TheGoonsmith the Kobold Berserker began the quest for the Orb.
     0 | D:1      | Reached XP level 1. HP: 14/14 MP: 1/1
   174 | D:1      | Reached XP level 2. HP: 13/19 MP: 2/2
   499 | D:1      | Reached XP level 3. HP: 15/24 MP: 3/3
   710 | D:1      | Reached ** piety under Trog
  1131 | D:2      | Found a snail-covered altar of Cheibriados.
  1193 | D:2      | Reached XP level 4. HP: 8/29 MP: 4/4
  1547 | D:2      | Reached skill level 5 in Short Blades
  2018 | D:3      | Found a glowing golden altar of the Shining One.
  2235 | D:3      | Noticed Oroborous's ghost (amateur TeAE)
  2245 | D:3      | Killed Oroborous's ghost
  2245 | D:3      | Reached skill level 6 in Short Blades
  2245 | D:3      | Reached XP level 5. HP: 33/33 MP: 5/5
  2245 | D:3      | Reached XP level 6. HP: 38/38 MP: 6/6
  2408 | D:3      | Reached *** piety under Trog
  3062 | D:4      | Reached skill level 7 in Short Blades
  3067 | D:4      | Found a hide-covered altar of Uskayaw.
  3067 | D:4      | Noticed a phantom
  3084 | D:4      | Killed a phantom
  3099 | D:4      | Noticed an ogre
  3102 | D:4      | Killed an ogre
  3102 | D:4      | Reached XP level 7. HP: 40/43 MP: 7/7
  3154 | D:4      | Reached skill level 8 in Short Blades
  3170 | D:4      | Noticed a hippogriff
  3190 | D:4      | Killed a hippogriff
  3190 | D:4      | Reached skill level 9 in Short Blades
  3190 | D:4      | Reached skill level 5 in Stealth
  3190 | D:4      | Reached XP level 8. HP: 24/48 MP: 8/8
  3210 | D:4      | Found a sand-covered staircase.
  3215 | D:4      | Noticed PrincessPwny's ghost (novice CeFi)
  3234 | D:4      | HP: 1/72 [PrincessPwny's ghost (9)]
  3258 | D:4      | HP: 2/72 [PrincessPwny's ghost (5)]
  3267 | D:4      | Slain by PrincessPwny's ghost

Skill      XL: |  1  2  3  4  5  6  7 |
---------------+----------------------+-----
Dodging        | 3 |  3.5
Fighting       | 4 |  4.1
Short Blades   | 6 7 9 |  9.3
Stealth        | 2 4 5 |  5.5
Armour         | |  1.5

Action                   |  1- 3 |  4- 6 |  7- 9 || total
-------------------------+-------+-------+-------++-------
Melee: Short sword       |    39 |       |       ||    39
       Dagger            |    47 |   140 |    63 ||   250
Invok: Trog's Hand       |     1 |     2 |     2 ||     5
       Berserk           |     1 |     2 |     1 ||     4
  Use: Scroll            |       |     4 |       ||     4
       Potion            |       |       |     4 ||     4
 Stab: Sleeping          |     1 |     1 |       ||     2
  Eat: Chunk             |     9 |    10 |       ||    19
Armor: Animal skin       |    11 |     2 |       ||    13
       Ring mail         |       |    31 |     4 ||    35
       Skin              |       |       |    22 ||    22
Dodge: Dodged            |    50 |    58 |    24 ||   132
